Coyotes vs Bruins

Created - May 4, 2018 at 22:11

Goals
1 2 3 OT1 T
Coyotes 0 3 0 1 4
Bruins 0 1 2 0 3
Shots
1 2 3 OT1 T
Coyotes 5 11 4 1 21
Bruins 9 8 14 0 31

1st period

No Goal

Penalties :
Henrik Sedin (Bos) for Holding Stick (Minor) at 8:16, Michael Del Zotto (Ari) for Hooking (Minor) at 13:28

2nd period

1. Coyotes , Zach Parise 46 (Marian Gaborik 64, Brad Richards 66) at 9:12
2. Coyotes , Tyler Ennis 33 (Anton Stralman 49, Nazem Kadri 32) at 12:17
3. Coyotes , Nazem Kadri 32 (Tyler Ennis 42, Jarome Iginla 33) at 14:23 (PP)
4. Bruins , Wojtek Wolski 45 (Henrik Sedin 49) at 16:36 (PP)

Penalties :
Zach Parise (Ari) for Holding (Minor) at 2:28, Shane O'Brien (Bos) for Interference (Minor) at 13:00, Enver Lisin (Ari) for Tripping (Minor) at 16:31

3rd period

5. Bruins , Nikolai Zherdev 4 (Zack Hamill 2, Kevin Bieksa 14) at 5:32
6. Bruins , Dave Bolland 19 (Victor Oreskovich 24) at 6:07 (PP)

Penalties :
Marian Gaborik (Ari) for Hooking (Minor) at 0:09, Anton Stralman (Ari) for Slashing (Minor) at 5:35, Nathan Horton (Bos) for Hooking (Minor) at 7:25

Overtime #1

7. Coyotes , Marian Gaborik 45 (Zach Parise 50) at 0:04

Penalties :
No Penalty

Goalie Stats

Cam Ward (Ari), 28 saves from 31 shots - (0.903), W, 12-12-5, 60:04 minutes
Kevin Poulin (Bos), 17 saves from 21 shots - (0.810), OTL, 25-27-7, 60:04 minutes

Players Stats for Coyotes

Player Name              G  A  P  +/- PIM S  H  SB GA TA FO     MP     PP MP  PK MP  
------------------------------------------------------------------------------------
Anton Stralman           0  1  1   0  2   1  1  1  0  2  0/0    19:03   1:59   2:05 
Brad Richards            0  1  1   1  0   0  1  2  0  0  15/25  18:32   2:58   1:41 
Brooks Laich             0  0  0   0  0   1  0  0  0  0  2/4    12:05   0:00   0:00 
Chris Stewart            0  0  0   0  0   1  0  1  0  0  0/0    12:51   0:30   0:00 
Enver Lisin              0  0  0  -1  2   0  0  0  0  0  0/0     5:37   0:13   0:00 
Greg Zanon               0  0  0   0  0   0  0  1  0  0  0/0    19:36   1:59   2:37 
Jarome Iginla            0  1  1   1  0   2  1  0  2  0  0/0    19:04   1:54   0:54 
Josh Gorges              0  0  0   2  0   1  0  4  1  0  0/0    24:39   3:12   3:57 
Kristopher Letang        0  0  0   1  0   3  3  4  1  1  0/0    26:03   3:12   3:57 
Marian Gaborik           1  1  2   2  2   4  1  1  1  1  0/1    20:06   2:59   2:44 
Mark Bell                0  0  0   0  0   0  0  0  0  0  0/0    15:46   0:37   2:01 
Martin Samuelsson        0  0  0  -1  0   0  2  1  0  0  2/2     8:36   0:00   2:11 
Matt Niskanen            0  0  0   1  0   0  0  0  0  1  0/0     5:02   0:00   0:00 
Michael Del Zotto        0  0  0   0  2   0  0  0  0  1  0/0    12:12   0:10   0:00 
Nazem Kadri              1  1  2   1  0   1  0  0  0  0  2/10   17:58   1:57   0:00 
Thomas Hickey            0  0  0   0  0   0  0  0  0  1  0/0    14:02   0:10   0:32 
Tyler Ennis              1  1  2   1  0   3  2  0  1  0  0/0    19:07   1:57   0:54 
Zach Parise              1  1  2   1  2   4  4  0  0  2  5/9    23:18   2:58   2:43 

Players Stats for Bruins

Player Name              G  A  P  +/- PIM S  H  SB GA TA FO     MP     PP MP  PK MP  
------------------------------------------------------------------------------------
Andrew Alberts           0  0  0  -1  0   2  0  3  1  0  0/0    20:59   2:30   2:26 
Cam Fowler               0  0  0  -1  0   1  3  1  0  1  0/0    17:22   0:00   0:45 
Dave Bolland             1  0  1  -1  0   2  2  0  1  0  3/9    16:54   3:05   1:07 
Henrik Sedin             0  1  1  -2  2   4  3  1  2  0  18/32  20:28   3:29   2:11 
Jason Demers             0  0  0  -1  0   0  0  1  0  0  0/0    25:43   4:04   2:55 
Kevin Bieksa             0  1  1   0  0   0  1  0  1  0  0/0    17:32   4:04   0:00 
Kris Chucko              0  0  0   0  0   3  1  0  0  0  0/0    13:01   0:00   1:07 
Mike Fisher              0  0  0   0  0   3  1  1  0  0  1/3    12:00   0:00   0:06 
Nate Prosser             0  0  0   0  0   0  1  0  0  0  0/0    14:54   0:00   2:26 
Nathan Horton            0  0  0  -1  2   4  1  0  2  1  1/3    18:53   3:29   0:33 
Nick Foligno             0  0  0   1  0   0  1  1  0  0  0/0     8:37   0:00   0:00 
Nikolai Zherdev          1  0  1   1  0   1  0  0  0  0  1/1    10:08   0:00   1:24 
Rene Bourque             0  0  0   0  0   0  0  0  0  1  0/0    11:54   0:00   0:00 
Shane O'Brien            0  0  0  -1  2   1  3  0  0  1  0/0    23:37   2:30   2:10 
Victor Oreskovich        0  1  1  -1  0   3  1  1  1  0  0/0    17:24   3:05   1:14 
Viktor Stalberg          0  0  0  -1  0   2  2  0  1  0  0/1    15:47   3:05   0:00 
Wojtek Wolski            1  0  1  -2  0   3  3  0  0  2  0/1    21:02   3:29   3:00 
Zack Hamill              0  1  1   1  0   2  1  0  0  0  1/1     8:37   0:00   0:00 

3 Stars

1 - Tyler Ennis (Ari)
2 - Zach Parise (Ari)
3 - Marian Gaborik (Ari)

Power Play

Coyotes - 1 on 3 Attempt(s) - 33.33%
Bruins - 2 on 5 Attempt(s) - 40.00%

Penalty Kill

Coyotes - 3 on 5 Attempt(s) - 60.00% - Score 0 goal in Penalty Kill
Bruins - 2 on 3 Attempt(s) - 66.67% - Score 0 goal in Penalty Kill

Team Stat

Coyotes - Hits : 15 - Faceoff Wins : 26 - Blocked Shots : 15 - Penalty Minutes : 10
Bruins - Hits : 24 - Faceoff Wins : 25 - Blocked Shots : 9 - Penalty Minutes : 6

Official

Referees : Morton Dean and LaRue Dennis
Linesman : David Brisebois and Darren Gibbs

Game Notes

No Game Note

Finance

Level 1 -- Attendance: 4316 (71.93%) -- Ticket Income $448,864
Level 2 -- Attendance: 3356 (67.12%) -- Ticket Income $214,784
Level 3 -- Attendance: 1768 (88.40%) -- Ticket Income $60,112
Level 4 -- Attendance: 3488 (87.20%) -- Ticket Income $83,712
Luxury Box -- Attendance: 619 (61.90%) -- Ticket Income $120,086
Game was played at the TD Banknorth Garden.
Total Attendance: 13547 (75.26%)
Total Ticket Income: $927,558
Other Income: $139,134
Total Income: $1,066,692

Coyotes

5 vs 5 Forward 
   Center                   Left Wing                Right Wing               Time % Phy DF OF 
 1 Brad Richards            Zach Parise              Marian Gaborik           40     1   2  2  
 2 Nazem Kadri              Tyler Ennis              Jarome Iginla            30     1   2  2  
 3 Brooks Laich             Mark Bell                Chris Stewart            20     1   2  2  
 4 Zach Parise              Martin Samuelsson        Enver Lisin              10     1   2  2  

5 vs 5 Defense 
   Defense                  Defense                                           Time % Phy DF OF 
 1 Kristopher Letang        Josh Gorges                                       40     1   2  2  
 2 Anton Stralman           Greg Zanon                                        30     1   2  2  
 3 Michael Del Zotto        Thomas Hickey                                     20     1   2  2  
 4 Matt Niskanen            Kristopher Letang                                 10     1   2  2  

PowerPlay Forward 
   Center                   Left Wing                Right Wing               Time % Phy DF OF 
 1 Brad Richards            Zach Parise              Marian Gaborik           60     1   2  2  
 2 Nazem Kadri              Tyler Ennis              Jarome Iginla            40     1   2  2  

PowerPlay Defense
   Defense                  Defense                                           Time % Phy DF OF 
 1 Kristopher Letang        Josh Gorges                                       60     1   2  2  
 2 Anton Stralman           Greg Zanon                                        40     1   2  2  

Penalty Kill 4 Players Forward 
   Center                   Wing                     Time % Phy DF OF 
 1 Zach Parise              Marian Gaborik           60     1   2  2  
 2 Jarome Iginla            Tyler Ennis              40     1   2  2  

Penalty Kill 4 Players Defense
   Defense                  Defense                  Time % Phy DF OF 
 1 Kristopher Letang        Josh Gorges              60     1   2  2  
 2 Anton Stralman           Greg Zanon               40     1   2  2  

Penalty Kill - 3 Players Forward 
   Forward                                           Time % Phy DF OF 
 1 Zach Parise                                       60     1   2  2  
 2 Marian Gaborik                                    40     1   2  2  

Penalty Kill - 3 Players Defense
   Defense                  Defense                  Time % Phy DF OF 
 1 Kristopher Letang        Josh Gorges              60     1   2  2  
 2 Anton Stralman           Greg Zanon               40     1   2  2  

4 vs 4 Forward 
   Center                   Wing                     Time % Phy DF OF 
 1 Zach Parise              Marian Gaborik           60     1   2  2  
 2 Jarome Iginla            Tyler Ennis              40     1   2  2  

4 vs 4 Defense
   Defense                  Defense                  Time % Phy DF OF 
 1 Kristopher Letang        Josh Gorges              60     1   2  2  
 2 Anton Stralman           Greg Zanon               40     1   2  2  

Last Minutes Offensive
   Center                   Left Wing                Right Wing               Defense                  Defense                  
   Brad Richards            Zach Parise              Marian Gaborik           Kristopher Letang        Josh Gorges              

Last Minutes Defensive
   Center                   Left Wing                Right Wing               Defense                  Defense                  
   Brad Richards            Zach Parise              Marian Gaborik           Kristopher Letang        Josh Gorges              

Goaltenders
Starting : Cam Ward                 
Backup : Maxime Daigneault        

Extra Forwards
Normal : Mark Bell, Chris Stewart, Martin Samuelsson - PP : Mark Bell, Chris Stewart - PK : Martin Samuelsson
Extra Defensemen
Normal : Michael Del Zotto, Thomas Hickey, Matt Niskanen - PP : Michael Del Zotto - PK : Thomas Hickey, Matt Niskanen
Penalty Shots
Zach Parise, Marian Gaborik, Jarome Iginla, Tyler Ennis, Brad Richards

Scratches
Maxim Talbot (Sports Hernia Injury)

Bruins

5 vs 5 Forward 
   Center                   Left Wing                Right Wing               Time % Phy DF OF 
 1 Henrik Sedin             Wojtek Wolski            Nathan Horton            40     1   2  2  
 2 Dave Bolland             Viktor Stalberg          Victor Oreskovich        30     1   2  2  
 3 Mike Fisher              Kris Chucko              Rene Bourque             20     1   2  2  
 4 Zack Hamill              Nick Foligno             Nikolai Zherdev          10     1   2  2  

5 vs 5 Defense 
   Defense                  Defense                                           Time % Phy DF OF 
 1 Jason Demers             Shane O'Brien                                     40     1   2  2  
 2 Andrew Alberts           Cam Fowler                                        30     1   2  2  
 3 Nate Prosser             Kevin Bieksa                                      20     1   2  2  
 4 Jason Demers             Shane O'Brien                                     10     1   2  2  

PowerPlay Forward 
   Center                   Left Wing                Right Wing               Time % Phy DF OF 
 1 Henrik Sedin             Wojtek Wolski            Nathan Horton            60     1   2  2  
 2 Dave Bolland             Viktor Stalberg          Victor Oreskovich        40     1   2  2  

PowerPlay Defense
   Defense                  Defense                                           Time % Phy DF OF 
 1 Jason Demers             Kevin Bieksa                                      60     1   2  2  
 2 Andrew Alberts           Shane O'Brien                                     40     1   2  2  

Penalty Kill 4 Players Forward 
   Center                   Wing                     Time % Phy DF OF 
 1 Henrik Sedin             Wojtek Wolski            60     1   2  2  
 2 Nathan Horton            Victor Oreskovich        40     1   2  2  

Penalty Kill 4 Players Defense
   Defense                  Defense                  Time % Phy DF OF 
 1 Jason Demers             Shane O'Brien            60     1   2  2  
 2 Andrew Alberts           Nate Prosser             40     1   2  2  

Penalty Kill - 3 Players Forward 
   Forward                                           Time % Phy DF OF 
 1 Wojtek Wolski                                     60     1   2  2  
 2 Henrik Sedin                                      40     1   2  2  

Penalty Kill - 3 Players Defense
   Defense                  Defense                  Time % Phy DF OF 
 1 Jason Demers             Shane O'Brien            60     1   2  2  
 2 Andrew Alberts           Nate Prosser             40     1   2  2  

4 vs 4 Forward 
   Center                   Wing                     Time % Phy DF OF 
 1 Henrik Sedin             Wojtek Wolski            60     1   2  2  
 2 Nathan Horton            Victor Oreskovich        40     1   2  2  

4 vs 4 Defense
   Defense                  Defense                  Time % Phy DF OF 
 1 Jason Demers             Shane O'Brien            60     1   2  2  
 2 Andrew Alberts           Cam Fowler               40     1   2  2  

Last Minutes Offensive
   Center                   Left Wing                Right Wing               Defense                  Defense                  
   Henrik Sedin             Wojtek Wolski            Nathan Horton            Jason Demers             Kevin Bieksa             

Last Minutes Defensive
   Center                   Left Wing                Right Wing               Defense                  Defense                  
   Henrik Sedin             Wojtek Wolski            Nathan Horton            Jason Demers             Shane O'Brien            

Goaltenders
Starting : Kevin Poulin             
Backup : Craig Anderson           

Extra Forwards
Normal : Viktor Stalberg, Wojtek Wolski, Nathan Horton - PP : Rene Bourque, Dave Bolland - PK : Nikolai Zherdev
Extra Defensemen
Normal : Nate Prosser, Cam Fowler, Andrew Alberts - PP : Nate Prosser - PK : Cam Fowler, Andrew Alberts
Penalty Shots
Nathan Horton, Viktor Stalberg, Wojtek Wolski, Nikolai Zherdev, Rene Bourque

Scratches
None


% Time on Ice - Coyotes

Lines # - Real PCT - Wanted PCT - Time Play
Normal Forward
1 - 30% - 40% - 14:34
2 - 34% - 30% - 16:16
3 - 25% - 20% - 11:50
4 - 11% - 10% - 5:25
Normal Defense
1 - 36% - 40% - 17:26
2 - 31% - 30% - 15:00
3 - 23% - 20% - 10:50
4 - 10% - 10% - 4:49
PP Forward
1 - 64% - 60% - 3:24
2 - 36% - 40% - 1:57
PP Defense
1 - 63% - 60% - 3:22
2 - 37% - 40% - 1:59
PK Forward
1 - 86% - 60% - 5:40
2 - 14% - 40% - 0:54
PK Defense
1 - 60% - 60% - 3:57
2 - 40% - 40% - 2:37
PK3 Forward
1 - 0% - 60%
2 - 0% - 40%
PK3 Defense
1 - 0% - 60%
2 - 0% - 40%
44 Forward
1 - 100% - 60% - 0:04
2 - 0% - 40% - 0:00
44 Defense
1 - 100% - 60% - 0:04
2 - 0% - 40% - 0:00
Last Minute Offensive  - 0:00
Last Minute Defensive  - 0:00
Total
Forward - 60:04
Defense - 60:04

% Time on Ice - Bruins

Lines # - Real PCT - Wanted PCT - Time Play
Normal Forward
1 - 30% - 40% - 14:29
2 - 27% - 30% - 13:05
3 - 25% - 20% - 11:54
4 - 18% - 10% - 8:37
Normal Defense
1 - 37% - 40% - 17:48
2 - 36% - 30% - 17:13
3 - 25% - 20% - 12:12
4 - 2% - 10% - 0:52
PP Forward
1 - 53% - 60% - 3:29
2 - 47% - 40% - 3:05
PP Defense
1 - 62% - 60% - 4:04
2 - 38% - 40% - 2:30
PK Forward
1 - 77% - 60% - 4:07
2 - 23% - 40% - 1:14
PK Defense
1 - 55% - 60% - 2:55
2 - 45% - 40% - 2:26
PK3 Forward
1 - 0% - 60%
2 - 0% - 40%
PK3 Defense
1 - 0% - 60%
2 - 0% - 40%
44 Forward
1 - 100% - 60% - 0:04
2 - 0% - 40% - 0:00
44 Defense
1 - 100% - 60% - 0:04
2 - 0% - 40% - 0:00
Last Minute Offensive  - 0:00
Last Minute Defensive  - 0:00
Total
Forward - 60:04
Defense - 60:04

Play by Play

1st period


0:01 of 1st period - Brad Richards wins face-off versus Henrik Sedin in neutral zone.
0:04 of 1st period - Jason Demers is hit by Zach Parise and loses puck.
0:11 of 1st period - Wrist shot by Zach Parise.
0:11 of 1st period - Shot Misses the Net.
0:27 of 1st period - Josh Gorges is hit by Viktor Stalberg and loses puck.
0:38 of 1st period - Slapshot by Victor Oreskovich.
0:38 of 1st period - Stopped by Cam Ward without a rebound.
0:39 of 1st period - Brooks Laich wins face-off versus Mike Fisher in Coyotes zone.
2:05 of 1st period - Snap shot by Mike Fisher.
2:05 of 1st period - Shot Blocked by Kristopher Letang.
2:25 of 1st period - Shane O'Brien is hit by Martin Samuelsson and loses puck.
3:25 of 1st period - Andrew Alberts is hit by Tyler Ennis and loses puck.
3:43 of 1st period - Josh Gorges is hit by Zack Hamill and loses puck.
4:21 of 1st period - Wrist shot by Tyler Ennis.
4:21 of 1st period - Shot Blocked by Henrik Sedin.
4:48 of 1st period - Wrist shot by Marian Gaborik.
4:48 of 1st period - Shot Misses the Net.
4:56 of 1st period - Wrist shot by Rene Bourque.
4:56 of 1st period - Shot Misses the Net.
5:42 of 1st period - Slapshot by Kristopher Letang.
5:42 of 1st period - Stopped by Kevin Poulin with a rebound.
5:44 of 1st period - Wrist shot by Kristopher Letang.
5:44 of 1st period - Shot Blocked by Mike Fisher.
6:47 of 1st period - Snap shot by Henrik Sedin.
6:47 of 1st period - Stopped by Cam Ward with a rebound.
6:49 of 1st period - Snap shot by Wojtek Wolski.
6:49 of 1st period - Deflect By Henrik Sedin.
6:49 of 1st period - Stopped by Cam Ward without a rebound.
6:50 of 1st period - Henrik Sedin wins face-off versus Nazem Kadri in Coyotes zone.
6:51 of 1st period - Snap shot by Wojtek Wolski.
6:51 of 1st period - Stopped by Cam Ward without a rebound.
6:52 of 1st period - Henrik Sedin wins face-off versus Nazem Kadri in Coyotes zone.
7:38 of 1st period - Backhand shot by Tyler Ennis.
7:38 of 1st period - Stopped by Kevin Poulin with a rebound.
7:40 of 1st period - Snap shot by Anton Stralman.
7:40 of 1st period - Stopped by Kevin Poulin with a rebound.
8:16 of 1st period - Minor Penalty to Henrik Sedin for Holding Stick.
8:17 of 1st period - Nikolai Zherdev wins face-off versus Brad Richards in Bruins zone.
8:30 of 1st period - Snap shot by Nikolai Zherdev.
8:30 of 1st period - Shot Misses the Net.
10:16 of 1st period - Penalty to Henrik Sedin is over, Henrik Sedin is back on ice.
10:27 of 1st period - Snap shot by Brooks Laich.
10:27 of 1st period - Shot Blocked by Andrew Alberts.
11:31 of 1st period - Icing by Dave Bolland.
11:32 of 1st period - Nazem Kadri wins face-off versus Dave Bolland in Bruins zone.
11:35 of 1st period - Wrist shot by Tyler Ennis.
11:35 of 1st period - Shot Misses the Net.
11:55 of 1st period - Snap shot by Nathan Horton.
11:55 of 1st period - Stopped by Cam Ward with a rebound.
11:57 of 1st period - Slapshot by Wojtek Wolski.
11:57 of 1st period - Shot Blocked by Anton Stralman.
13:00 of 1st period - Slapshot by Tyler Ennis.
13:00 of 1st period - Shot Misses the Net.
13:21 of 1st period - Wrist shot by Mike Fisher.
13:21 of 1st period - Shot Blocked by Josh Gorges.
13:23 of 1st period - Snap shot by Rene Bourque.
13:23 of 1st period - Shot Misses the Net.
13:25 of 1st period - Wrist shot by Shane O'Brien.
13:25 of 1st period - Stopped by Cam Ward without a rebound.
13:26 of 1st period - Brooks Laich wins face-off versus Mike Fisher in Coyotes zone.
13:28 of 1st period - Minor Penalty to Michael Del Zotto for Hooking.
13:29 of 1st period - Henrik Sedin wins face-off versus Zach Parise in Coyotes zone.
13:35 of 1st period - Wrist shot by Nathan Horton.
13:35 of 1st period - Stopped by Cam Ward without a rebound.
13:36 of 1st period - Henrik Sedin wins face-off versus Zach Parise in Coyotes zone.
13:50 of 1st period - Snap shot by Wojtek Wolski.
13:50 of 1st period - Shot Blocked by Kristopher Letang.
13:52 of 1st period - Slapshot by Henrik Sedin.
13:52 of 1st period - Shot Misses the Net.
14:04 of 1st period - Wrist shot by Viktor Stalberg.
14:04 of 1st period - Stopped by Cam Ward without a rebound.
14:05 of 1st period - Dave Bolland wins face-off versus Zach Parise in Coyotes zone.
14:32 of 1st period - Marian Gaborik is hit by Wojtek Wolski.
15:21 of 1st period - Dave Bolland is hit by Kristopher Letang and loses puck.
15:28 of 1st period - Penalty to Michael Del Zotto is over, Michael Del Zotto is back on ice.
15:38 of 1st period - Snap shot by Nikolai Zherdev.
15:38 of 1st period - Shot Blocked by Martin Samuelsson.
15:44 of 1st period - Wrist shot by Mark Bell.
15:44 of 1st period - Shot Blocked by Nick Foligno.
18:19 of 1st period - Icing by Nazem Kadri.
18:20 of 1st period - Henrik Sedin wins face-off versus Nazem Kadri in Coyotes zone.
18:21 of 1st period - Wrist shot by Wojtek Wolski.
18:21 of 1st period - Shot Misses the Net.
18:24 of 1st period - Icing by Thomas Hickey.
18:25 of 1st period - Henrik Sedin wins face-off versus Nazem Kadri in Coyotes zone.
18:40 of 1st period - Nazem Kadri is hit by Wojtek Wolski and loses puck.
19:01 of 1st period - Slapshot by Victor Oreskovich.
19:01 of 1st period - Stopped by Cam Ward with a rebound.
19:21 of 1st period - Wrist shot by Marian Gaborik.
19:21 of 1st period - Stopped by Kevin Poulin with a rebound.
19:23 of 1st period - Wrist shot by Zach Parise.
19:23 of 1st period - Stopped by Kevin Poulin with a rebound.
Goals for this period are 0 for Coyotes vs 0 for Bruins.
Shots for this period are 5 for Coyotes vs 9 for Bruins.

2nd period


0:01 of 2nd period - Henrik Sedin wins face-off versus Brad Richards in neutral zone.
0:27 of 2nd period - Victor Oreskovich is hit by Jarome Iginla.
0:59 of 2nd period - Wrist shot by Mark Bell.
0:59 of 2nd period - Deflect By Chris Stewart.
0:59 of 2nd period - Stopped by Kevin Poulin without a rebound.
1:00 of 2nd period - Henrik Sedin wins face-off versus Brad Richards in Bruins zone.
1:05 of 2nd period - Snap shot by Marian Gaborik.
1:05 of 2nd period - Shot Misses the Net.
1:07 of 2nd period - Slapshot by Brad Richards.
1:07 of 2nd period - Shot Misses the Net.
1:09 of 2nd period - Wrist shot by Zach Parise.
1:09 of 2nd period - Shot Misses the Net.
1:15 of 2nd period - Wrist shot by Marian Gaborik.
1:15 of 2nd period - Shot Blocked by Cam Fowler.
1:17 of 2nd period - Wrist shot by Zach Parise.
1:17 of 2nd period - Shot Misses the Net.
1:35 of 2nd period - Brooks Laich is hit by Cam Fowler and loses puck.
1:54 of 2nd period - Tyler Ennis is hit by Cam Fowler and loses puck.
2:01 of 2nd period - Snap shot by Kris Chucko.
2:01 of 2nd period - Stopped by Cam Ward without a rebound.
2:02 of 2nd period - Henrik Sedin wins face-off versus Brad Richards in Coyotes zone.
2:07 of 2nd period - Snap shot by Henrik Sedin.
2:07 of 2nd period - Stopped by Cam Ward without a rebound.
2:08 of 2nd period - Nathan Horton wins face-off versus Brad Richards in Coyotes zone.
2:09 of 2nd period - Wrist shot by Wojtek Wolski.
2:09 of 2nd period - Shot Misses the Net.
2:11 of 2nd period - Snap shot by Wojtek Wolski.
2:11 of 2nd period - Shot Blocked by Marian Gaborik.
2:21 of 2nd period - Snap shot by Henrik Sedin.
2:21 of 2nd period - Deflect By Wojtek Wolski.
2:21 of 2nd period - Stopped by Cam Ward without a rebound.
2:22 of 2nd period - Henrik Sedin wins face-off versus Brad Richards in Coyotes zone.
2:28 of 2nd period - Minor Penalty to Zach Parise for Holding.
2:29 of 2nd period - Martin Samuelsson wins face-off versus Henrik Sedin in Coyotes zone.
2:29 of 2nd period - Martin Samuelsson is hit by Henrik Sedin.
3:00 of 2nd period - Kristopher Letang is hit by Dave Bolland and loses puck.
3:05 of 2nd period - Wrist shot by Dave Bolland.
3:05 of 2nd period - Stopped by Cam Ward with a rebound.
3:07 of 2nd period - Snap shot by Viktor Stalberg.
3:07 of 2nd period - Deflect By Victor Oreskovich.
3:07 of 2nd period - Shot Misses the Net.
3:07 of 2nd period - Puck is out of play.
3:08 of 2nd period - Martin Samuelsson wins face-off versus Dave Bolland in Coyotes zone.
4:28 of 2nd period - Penalty to Zach Parise is over, Zach Parise is back on ice.
4:46 of 2nd period - Enver Lisin is hit by Shane O'Brien and loses puck.
5:40 of 2nd period - Marian Gaborik is hit by Mike Fisher and loses puck.
5:51 of 2nd period - Wrist shot by Mark Bell.
5:51 of 2nd period - Shot Blocked by Victor Oreskovich.
6:14 of 2nd period - Slapshot by Henrik Sedin.
6:14 of 2nd period - Shot Blocked by Greg Zanon.
6:36 of 2nd period - Wrist shot by Chris Stewart.
6:36 of 2nd period - Shot Hit the Post.
8:17 of 2nd period - Chris Stewart is hit by Kris Chucko and loses puck.
8:51 of 2nd period - Slapshot by Jason Demers.
8:51 of 2nd period - Shot Misses the Net.
8:57 of 2nd period - Jason Demers is hit by Tyler Ennis and loses puck.
9:08 of 2nd period - Wrist shot by Tyler Ennis.
9:08 of 2nd period - Stopped by Kevin Poulin without a rebound.
9:09 of 2nd period - Brad Richards wins face-off versus Henrik Sedin in Bruins zone.
9:10 of 2nd period - Snap shot by Marian Gaborik.
9:10 of 2nd period - Stopped by Kevin Poulin with a rebound.
9:12 of 2nd period - Wrist shot by Zach Parise.
9:12 of 2nd period - Goal by Zach Parise - Coyotes : 1 - Bruins : 0.
9:13 of 2nd period - Brad Richards wins face-off versus Henrik Sedin in neutral zone.
9:28 of 2nd period - Nathan Horton is hit by Brad Richards and loses puck.
9:48 of 2nd period - Wrist shot by Henrik Sedin.
9:48 of 2nd period - Shot Blocked by Josh Gorges.
11:14 of 2nd period - Off-side.
11:15 of 2nd period - Brad Richards wins face-off versus Nathan Horton in neutral zone.
11:18 of 2nd period - Nathan Horton is hit by Kristopher Letang and loses puck.
11:27 of 2nd period - Henrik Sedin is hit by Zach Parise and loses puck.
11:34 of 2nd period - Marian Gaborik is hit by Shane O'Brien and loses puck.
11:45 of 2nd period - Snap shot by Zack Hamill.
11:45 of 2nd period - Stopped by Cam Ward with a rebound.
11:55 of 2nd period - Nikolai Zherdev is hit by Zach Parise and loses puck.
12:05 of 2nd period - Off-side.
12:06 of 2nd period - Dave Bolland wins face-off versus Nazem Kadri in neutral zone.
12:17 of 2nd period - Slapshot by Tyler Ennis.
12:17 of 2nd period - Goal by Tyler Ennis - Coyotes : 2 - Bruins : 0.
12:18 of 2nd period - Brad Richards wins face-off versus Henrik Sedin in neutral zone.
12:23 of 2nd period - Snap shot by Brad Richards.
12:23 of 2nd period - Shot Misses the Net.
13:00 of 2nd period - Minor Penalty to Shane O'Brien for Interference.
13:01 of 2nd period - Brad Richards wins face-off versus Henrik Sedin in Bruins zone.
13:06 of 2nd period - Snap shot by Marian Gaborik.
13:06 of 2nd period - Shot Misses the Net.
13:08 of 2nd period - Wrist shot by Marian Gaborik.
13:08 of 2nd period - Shot Blocked by Andrew Alberts.
13:10 of 2nd period - Snap shot by Zach Parise.
13:10 of 2nd period - Shot Misses the Net.
13:12 of 2nd period - Wrist shot by Zach Parise.
13:12 of 2nd period - Stopped by Kevin Poulin with a rebound.
13:14 of 2nd period - Slapshot by Kristopher Letang.
13:14 of 2nd period - Stopped by Kevin Poulin without a rebound.
13:15 of 2nd period - Brad Richards wins face-off versus Henrik Sedin in Bruins zone.
13:30 of 2nd period - Backhand shot by Brad Richards.
13:30 of 2nd period - Shot Misses the Net.
13:32 of 2nd period - Snap shot by Marian Gaborik.
13:32 of 2nd period - Shot Misses the Net.
14:05 of 2nd period - Icing by Marian Gaborik.
14:06 of 2nd period - Henrik Sedin wins face-off versus Brad Richards in Coyotes zone.
14:21 of 2nd period - Wrist shot by Tyler Ennis.
14:21 of 2nd period - Shot Blocked by Andrew Alberts.
14:23 of 2nd period - Slapshot by Nazem Kadri.
14:23 of 2nd period - Goal by Nazem Kadri - Coyotes : 3 - Bruins : 0.
14:24 of 2nd period - Brad Richards wins face-off versus Dave Bolland in neutral zone.
14:32 of 2nd period - Snap shot by Marian Gaborik.
14:32 of 2nd period - Stopped by Kevin Poulin with a rebound.
14:34 of 2nd period - Wrist shot by Brad Richards.
14:34 of 2nd period - Shot Misses the Net.
14:36 of 2nd period - Wrist shot by Zach Parise.
14:36 of 2nd period - Stopped by Kevin Poulin with a rebound.
15:02 of 2nd period - Snap shot by Henrik Sedin.
15:02 of 2nd period - Shot Misses the Net.
16:31 of 2nd period - Minor Penalty to Enver Lisin for Tripping.
16:32 of 2nd period - Henrik Sedin wins face-off versus Zach Parise in Coyotes zone.
16:36 of 2nd period - Snap shot by Henrik Sedin.
16:36 of 2nd period - Deflect By Wojtek Wolski.
16:36 of 2nd period - Goal by Wojtek Wolski - Coyotes : 3 - Bruins : 1.
16:37 of 2nd period - Henrik Sedin wins face-off versus Brad Richards in neutral zone.
16:40 of 2nd period - Brad Richards is hit by Henrik Sedin and loses puck.
17:12 of 2nd period - Snap shot by Nazem Kadri.
17:12 of 2nd period - Shot Misses the Net.
17:14 of 2nd period - Slapshot by Josh Gorges.
17:14 of 2nd period - Stopped by Kevin Poulin with a rebound.
17:24 of 2nd period - Wrist shot by Kris Chucko.
17:24 of 2nd period - Shot Blocked by Chris Stewart.
18:06 of 2nd period - Andrew Alberts is hit by Marian Gaborik and loses puck.
18:19 of 2nd period - Snap shot by Henrik Sedin.
18:19 of 2nd period - Shot Misses the Net.
18:21 of 2nd period - Backhand shot by Nathan Horton.
18:21 of 2nd period - Stopped by Cam Ward without a rebound.
18:22 of 2nd period - Henrik Sedin wins face-off versus Nazem Kadri in Coyotes zone.
18:25 of 2nd period - Snap shot by Wojtek Wolski.
18:25 of 2nd period - Shot Blocked by Kristopher Letang.
18:27 of 2nd period - Wrist shot by Henrik Sedin.
18:27 of 2nd period - Shot Misses the Net.
18:29 of 2nd period - Snap shot by Wojtek Wolski.
18:29 of 2nd period - Shot Misses the Net.
18:31 of 2nd period - Snap shot by Nathan Horton.
18:31 of 2nd period - Deflect By Henrik Sedin.
18:31 of 2nd period - Shot Misses the Net.
18:31 of 2nd period - Puck is out of play.
18:32 of 2nd period - Nazem Kadri wins face-off versus Nathan Horton in Coyotes zone.
18:32 of 2nd period - Nazem Kadri is hit by Wojtek Wolski.
18:47 of 2nd period - Off-side.
18:48 of 2nd period - Zach Parise wins face-off versus Dave Bolland in neutral zone.
18:59 of 2nd period - Zach Parise is hit by Victor Oreskovich and loses puck.
19:19 of 2nd period - Snap shot by Henrik Sedin.
19:19 of 2nd period - Shot Blocked by Kristopher Letang.
19:56 of 2nd period - Snap shot by Victor Oreskovich.
19:56 of 2nd period - Stopped by Cam Ward without a rebound.
19:57 of 2nd period - Brad Richards wins face-off versus Dave Bolland in Coyotes zone.
Goals for this period are 3 for Coyotes vs 1 for Bruins.
Shots for this period are 11 for Coyotes vs 8 for Bruins.

3rd period


0:01 of 3rd period - Brad Richards wins face-off versus Henrik Sedin in neutral zone.
0:09 of 3rd period - Minor Penalty to Marian Gaborik for Hooking.
0:10 of 3rd period - Zach Parise wins face-off versus Henrik Sedin in Coyotes zone.
0:48 of 3rd period - Snap shot by Viktor Stalberg.
0:48 of 3rd period - Stopped by Cam Ward without a rebound.
0:49 of 3rd period - Brad Richards wins face-off versus Dave Bolland in Coyotes zone.
0:58 of 3rd period - Shane O'Brien is hit by Anton Stralman and loses puck.
1:13 of 3rd period - Anton Stralman is hit by Nathan Horton and loses puck.
1:24 of 3rd period - Slapshot by Brad Richards.
1:24 of 3rd period - Shot Misses the Net.
2:09 of 3rd period - Penalty to Marian Gaborik is over, Marian Gaborik is back on ice.
2:18 of 3rd period - Slapshot by Andrew Alberts.
2:18 of 3rd period - Stopped by Cam Ward with a rebound.
2:20 of 3rd period - Snap shot by Mike Fisher.
2:20 of 3rd period - Stopped by Cam Ward with a rebound.
2:55 of 3rd period - Slapshot by Dave Bolland.
2:55 of 3rd period - Shot Misses the Net.
3:11 of 3rd period - Icing by Shane O'Brien.
3:12 of 3rd period - Henrik Sedin wins face-off versus Brooks Laich in Bruins zone.
3:35 of 3rd period - Snap shot by Kris Chucko.
3:35 of 3rd period - Stopped by Cam Ward with a rebound.
3:41 of 3rd period - Snap shot by Kris Chucko.
3:41 of 3rd period - Shot Misses the Net.
4:05 of 3rd period - Snap shot by Dave Bolland.
4:05 of 3rd period - Shot Blocked by Brad Richards.
4:07 of 3rd period - Snap shot by Dave Bolland.
4:07 of 3rd period - Shot Misses the Net.
4:19 of 3rd period - Chris Stewart is hit by Nick Foligno.
5:27 of 3rd period - Kevin Bieksa is hit by Zach Parise and loses puck.
5:32 of 3rd period - Snap shot by Nikolai Zherdev.
5:32 of 3rd period - Goal by Nikolai Zherdev - Coyotes : 3 - Bruins : 2.
5:33 of 3rd period - Brad Richards wins face-off versus Henrik Sedin in neutral zone.
5:35 of 3rd period - Minor Penalty to Anton Stralman for Slashing.
5:36 of 3rd period - Zach Parise wins face-off versus Wojtek Wolski in Coyotes zone.
6:02 of 3rd period - Tyler Ennis is hit by Dave Bolland and loses puck.
6:07 of 3rd period - Wrist shot by Dave Bolland.
6:07 of 3rd period - Goal by Dave Bolland - Coyotes : 3 - Bruins : 3.
6:08 of 3rd period - Brad Richards wins face-off versus Henrik Sedin in neutral zone.
6:13 of 3rd period - Snap shot by Zach Parise.
6:13 of 3rd period - Shot Misses the Net.
6:15 of 3rd period - Wrist shot by Zach Parise.
6:15 of 3rd period - Shot Misses the Net.
6:17 of 3rd period - Slapshot by Kristopher Letang.
6:17 of 3rd period - Stopped by Kevin Poulin with a rebound.
6:19 of 3rd period - Snap shot by Brad Richards.
6:19 of 3rd period - Shot Misses the Net.
6:21 of 3rd period - Snap shot by Josh Gorges.
6:21 of 3rd period - Shot Blocked by Jason Demers.
6:35 of 3rd period - Jarome Iginla is hit by Shane O'Brien and loses puck.
6:42 of 3rd period - Snap shot by Jarome Iginla.
6:42 of 3rd period - Stopped by Kevin Poulin without a rebound.
6:43 of 3rd period - Brad Richards wins face-off versus Viktor Stalberg in Bruins zone.
7:15 of 3rd period - Wrist shot by Jarome Iginla.
7:15 of 3rd period - Stopped by Kevin Poulin with a rebound.
7:17 of 3rd period - Snap shot by Tyler Ennis.
7:17 of 3rd period - Shot Misses the Net.
7:19 of 3rd period - Wrist shot by Nazem Kadri.
7:19 of 3rd period - Shot Misses the Net.
7:25 of 3rd period - Minor Penalty to Nathan Horton for Hooking.
7:26 of 3rd period - Brad Richards wins face-off versus Henrik Sedin in Bruins zone.
9:24 of 3rd period - Nazem Kadri is hit by Nate Prosser and loses puck.
9:25 of 3rd period - Penalty to Nathan Horton is over, Nathan Horton is back on ice.
10:14 of 3rd period - Brooks Laich is hit by Kevin Bieksa and loses puck.
11:16 of 3rd period - Chris Stewart is hit by Cam Fowler and loses puck.
11:33 of 3rd period - Zach Parise is hit by Henrik Sedin and loses puck.
12:03 of 3rd period - Off-side.
12:04 of 3rd period - Zack Hamill wins face-off versus Nazem Kadri in neutral zone.
12:11 of 3rd period - Slapshot by Nick Foligno.
12:11 of 3rd period - Shot Misses the Net.
12:28 of 3rd period - Slapshot by Zack Hamill.
12:28 of 3rd period - Stopped by Cam Ward with a rebound.
12:30 of 3rd period - Wrist shot by Nikolai Zherdev.
12:30 of 3rd period - Deflect By Nick Foligno.
12:30 of 3rd period - Shot Misses the Net.
12:30 of 3rd period - Puck is out of play.
12:31 of 3rd period - Henrik Sedin wins face-off versus Marian Gaborik in Coyotes zone.
12:32 of 3rd period - Snap shot by Nathan Horton.
12:32 of 3rd period - Stopped by Cam Ward without a rebound.
12:33 of 3rd period - Henrik Sedin wins face-off versus Brad Richards in Coyotes zone.
12:40 of 3rd period - Slapshot by Henrik Sedin.
12:40 of 3rd period - Stopped by Cam Ward with a rebound.
12:42 of 3rd period - Snap shot by Henrik Sedin.
12:42 of 3rd period - Shot Misses the Net.
12:44 of 3rd period - Slapshot by Jason Demers.
12:44 of 3rd period - Shot Blocked by Brad Richards.
13:22 of 3rd period - Backhand shot by Chris Stewart.
13:22 of 3rd period - Shot Misses the Net.
13:30 of 3rd period - Snap shot by Brooks Laich.
13:30 of 3rd period - Stopped by Kevin Poulin without a rebound.
13:31 of 3rd period - Henrik Sedin wins face-off versus Brad Richards in Bruins zone.
13:36 of 3rd period - Wrist shot by Zach Parise.
13:36 of 3rd period - Shot Misses the Net.
14:40 of 3rd period - Snap shot by Mike Fisher.
14:40 of 3rd period - Stopped by Cam Ward with a rebound.
14:50 of 3rd period - Nikolai Zherdev is hit by Martin Samuelsson and loses puck.
15:09 of 3rd period - Henrik Sedin is hit by Kristopher Letang and loses puck.
16:22 of 3rd period - Icing by Marian Gaborik.
16:23 of 3rd period - Dave Bolland wins face-off versus Nazem Kadri in Coyotes zone.
17:20 of 3rd period - Slapshot by Wojtek Wolski.
17:20 of 3rd period - Shot Misses the Net.
17:22 of 3rd period - Slapshot by Cam Fowler.
17:22 of 3rd period - Stopped by Cam Ward with a rebound.
18:10 of 3rd period - Slapshot by Kris Chucko.
18:10 of 3rd period - Shot Blocked by Josh Gorges.
18:12 of 3rd period - Slapshot by Andrew Alberts.
18:12 of 3rd period - Stopped by Cam Ward with a rebound.
18:16 of 3rd period - Snap shot by Mike Fisher.
18:16 of 3rd period - Stopped by Cam Ward without a rebound.
18:17 of 3rd period - Zach Parise wins face-off versus Henrik Sedin in Coyotes zone.
18:50 of 3rd period - Icing by Shane O'Brien.
18:51 of 3rd period - Mike Fisher wins face-off versus Brooks Laich in Bruins zone.
18:58 of 3rd period - Slapshot by Jason Demers.
18:58 of 3rd period - Shot Blocked by Josh Gorges.
19:21 of 3rd period - Snap shot by Kris Chucko.
19:21 of 3rd period - Stopped by Cam Ward with a rebound.
19:41 of 3rd period - Michael Del Zotto is hit by Viktor Stalberg and loses puck.
Goals for this period are 0 for Coyotes vs 2 for Bruins.
Shots for this period are 4 for Coyotes vs 14 for Bruins.

Overtime #1


0:01 of 1st overtime period - Zach Parise wins face-off versus Henrik Sedin in neutral zone.
0:04 of 1st overtime period - Slapshot by Marian Gaborik.
0:04 of 1st overtime period - Goal by Marian Gaborik - Coyotes : 4 - Bruins : 3.
Goals for this period are 1 for Coyotes vs 0 for Bruins.
Shots for this period are 1 for Coyotes vs 0 for Bruins.